 Dungeon Crawl Stone Soup version 0.29.1-2-gbd0b4ee654 (webtiles) character file.

Game seed: 3350315325679803367

108 Uniporpoise the Insei (level 4, 0/28 HPs)
             Began as an Octopode Transmuter on Oct 27, 2022.
             Slain by Sigmund
             ... wielding a +3 scythe
              (14 damage)
             ... on level 2 of the Dungeon.
             The game lasted 00:02:31 (2033 turns).

Uniporpoise the Insei (Octopode Transmuter)         Turns: 2033, Time: 00:02:32

Health: 0/28       AC:  2    Str:  9    XL:     4   Next: 87%
Magic:  2/7        EV: 19    Int: 17    God:
Gold:   92         SH:  0    Dex: 17    Spells: 3/7 levels left

rFire   . . .      SeeInvis .     - Unarmed
rCold   . . .      Faith    .   (shield currently unavailable)
rNeg    . . .      Spirit   .   (helmet currently unavailable)
rPois   x          Reflect  .   (no amulet)
rElec   .          Harm     .   (no ring)
rCorr   .          Rampage  .   (no ring)
Will    .....                   (no ring)
Stlth   ++........              (no ring)
HPRegen 0.09/turn               (no ring)
MPRegen 0.10/turn               (no ring)
                                (no ring)
                                (no ring)

@: spider-form
A: venomous fangs, almost no armour, (amphibious), 8 rings, tiny, (camouflage
1), (gelatinous body 1), (nimble swimmer 1), (tentacles)
a: End Transformation


You were on level 2 of the Dungeon.
You were a venomous arachnid creature.
You visited 1 branch of the dungeon, and saw 2 of its levels.

You collected 92 gold pieces.

Inventory:

Scrolls
 b - a scroll of identify {unknown}
 c - a scroll of enchant armour {unknown}
 e - a scroll of noise {unknown}
 f - a scroll of vulnerability {unknown}
 g - a scroll of teleportation {unknown}
 j - a scroll of torment {unknown}
Potions
 a - 2 potions of lignification
 d - a potion of might {unknown}
 h - a potion of brilliance
 i - a potion of flight {unknown}


   Skills:
 + Level 1.6 Fighting
 + Level 2.3 Dodging
 + Level 2.2 Stealth
 * Level 3.6 Unarmed Combat
 + Level 2.3 Spellcasting
 * Level 2.9 Transmutations
 + Level 1.1 Poison Magic


You had 3 spell levels left.
You knew the following spells:

 Your Spells              Type           Power      Damage    Failure   Level
a - Beastly Appendage     Tmut           24%        N/A       16%         1
b - Spider Form           Tmut/Pois      8%         N/A       45%         3

Your spell library contained the following spells:

 Spells                   Type           Power      Damage    Failure   Level
 Wereblood                Tmut           12%        N/A       22%         2
 Freeze                   Ice            4%         1d3       38%         1
 Frozen Ramparts          Ice            2%         1d1       71%         3
 Ice Form                 Ice/Tmut       6%         N/A       87%         4
 Hailstorm                Conj/Ice       1%         3d3       96%         4


Dungeon Overview and Level Annotations

Branches:
Dungeon (2/15)

Altars:

Annotations:
D:2 Sigmund


Innate Abilities, Weirdness & Mutations

You are a venomous arachnid creature.
You have poisonous fangs.
You are tiny and dextrous.
Your spellcasting is less reliable in this form.
Your armour is entirely melded.
You are incapable of wielding weapons or throwing items.
You cannot wear most types of armour.
((You are amphibious.))
You can wear up to eight rings at the same time.
((Your skin changes colour to match your surroundings (Stealth+).))
((Your rubbery body absorbs attacks. (AC +1, EV +1)))
((You are camouflaged when in or above water. (Stealth+)))
((You have tentacles for arms and can constrict up to eight enemies at once.))


Message History

You tentacle-slap the adder. Your grab misses the adder.
The adder is lightly wounded.
The adder barely misses you.
You closely miss the adder. You grab the adder.
The adder is lightly wounded.
You constrict the adder. The adder closely misses you.
The adder barely misses you.
You tentacle-slap the adder.
You pierce the adder, but do no damage.
The adder is severely wounded.
You constrict the adder. The adder bites you.
You tentacle-slap the adder but do no damage.
You pierce the adder.
You kill the adder!
Casting: Beastly Appendage (safe; 5% risk of failure)
Confirm with . or Enter, or press ? or * to list all spells.
The spell is quite dangerous to miscast (24% risk of failure)!
Continue anyway?
Your tentacle spike disappears.
You turn into a venomous arachnid creature.
Your transformation is almost over.
Sigmund shouts!
You hear an angry hiss.
Sigmund hits you with a +3 scythe!
Ouch! That really hurt!
You hit Sigmund.
Sigmund is poisoned.
Sigmund is lightly wounded.
You hit Sigmund but do no damage.
Sigmund looks as sick as possible!
Sigmund is lightly wounded.
Your transformation has ended.
Sigmund barely misses you.
You tentacle-slap Sigmund. Your grab misses Sigmund.
Sigmund is lightly wounded.
Casting: Spider Form (quite dangerous; 24% risk of failure)
Confirm with . or Enter, or press ? or * to list all spells.
You don't know that spell.
Casting: Spider Form (quite dangerous; 24% risk of failure)
Confirm with . or Enter, or press ? or * to list all spells.
The spell is quite dangerous to miscast (24% risk of failure)!
Continue anyway?
You turn into a venomous arachnid creature.
Sigmund hits you with a +3 scythe!
Ouch! That really hurt!
You die...

#.. #.###.# #.#
#.###.....#####..
#.#...####....#.#
#####...#.# #.##.#..
#.......#.####.##..##
#.##....#..)..(......
#.####.######.####
#.###.# ... #.#
#....s# #.# #.#
#..##@.....# #.# #.
#.##.#.# #.# # ... #
... ##. ### .. #. ##


You could see Sigmund (extremely poisoned).

Vanquished Creatures
  Natasha (twice) (D:2)
  An adder (D:2)
  2 dart slugs (D:1)
  4 ball pythons
  3 endoplasms
  3 giant cockroaches
  5 goblins
  5 hobgoblins (D:1)
  A quokka (D:2)
  7 bats (D:1)
  6 frilled lizards
  4 kobolds
  2 rats (D:1)
45 creatures vanquished.

Notes
Turn   | Place    | Note
-------+----------+-------------------------------------------
     0 | D:1      | Uniporpoise the Octopode Transmuter began the quest for the
                  | Orb.
     0 | D:1      | Reached XP level 1. HP: 13/13 MP: 3/3
   381 | D:1      | Reached XP level 2. HP: 18/18 MP: 3/5
   746 | D:1      | Reached skill level 1 in Stealth
   921 | D:1      | Reached XP level 3. HP: 18/23 MP: 4/6
   925 | D:1      | Learned a level 3 spell: Spider Form
  1604 | D:2      | Noticed Natasha
  1611 | D:2      | Killed Natasha
  1612 | D:2      | Reached XP level 4. HP: 28/28 MP: 7/7
  1728 | D:2      | Noticed Natasha
  1732 | D:2      | Killed Natasha
  1733 | D:2      | Reached skill level 1 in Poison Magic
  1994 | D:2      | Noticed Sigmund
  2033 | D:2      | Slain by Sigmund

Illustrated notes

Levels and vault maps discovered:
D:1:      minmay_arrival_radiant_lines, layout_loops_corners,
          grunt_decor_one_mirror
D:2:      layout_basic, roderic_lattice_a, st_stairs_3,
          dreamdust_princess_bridge, minmay_hexomino_c4, uniq_natasha,
          uniq_sigmund

Skill      XL: |  1  2  3  4 |
---------------+-------------+-----
Stealth        | 1 2 |  2.2
Poison Magic   | 1 |  1.1
Fighting       | |  1.6
Dodging        | |  2.3
Unarmed Combat | |  3.6
Spellcasting   | |  2.3
Transmutations | |  2.9

Action                   |  1- 3 |  4- 6 || total
-------------------------+-------+-------++-------
Melee: Unarmed           |    76 |    17 ||    93
       Constrict         |    20 |     3 ||    23
       Kick              |    16 |     5 ||    21
       Tentacles         |    12 |     2 ||    14
       Punch             |     2 |       ||     2
 Cast: Beastly Appendage |    19 |     6 ||    25
       Spider Form       |       |     2 ||     2
 Stab: Sleeping          |     3 |       ||     3
Armor: Skin              |    14 |       ||    14
Dodge: Dodged            |    48 |     7 ||    55
